Map: Cactus Valley LE (Void)

Players

Railgan - Winner!

  • Race: Zerg Zerg
  • League: Grandmaster
  • Spawn Location: 1:00

Shinø

  • Race: Zerg Zerg
  • League: Grandmaster
  • Spawn Location: 7:00

VOD

Have the link to the VOD?

Description

Time

  • Played on: March 24, 2017, 4:32 p.m.
  • Length: 6:26
Show
View Real Time Build Order
Export as new Build Order

Railgan Zerg - Winner!

Build Orders: Hatch First 

Get SALT Encoding   

  12  0:01  Drone  
  13  0:13  Overlord  
  13  0:17  Drone  
  14  0:31  Drone x2  
  14  0:35  Drone  
  17  0:54  Hatchery  
  17  0:55  Drone  
  17  0:57  Drone  
  18  1:09  Extractor  
  17  1:13  Spawning Pool  
  17  1:16  Drone  
  17  1:21  Drone  
  18  1:29  Drone  
  19  1:39  Overlord  
  19  2:01  Zergling x2  
  19  2:02  Zergling x2, Queen  
  19  2:06  Zergling x2  
  19  2:07  Queen  
  26  2:13  Drone  
  27  2:15  Metabolic Boost  
  27  2:17  Drone  
  28  2:25  Drone  
  28  2:29  Drone  
  30  2:36  Baneling Nest, Zergling x2  
  29  2:38  Zergling x2  
  29  2:41  Queen  
  29  2:43  Zergling x2  
  31  2:49  Zergling x2  
  30  2:58  Zergling x2  
  30  3:03  Baneling Nest, Zergling x2  
  30  3:09  Zergling x2  
  28  3:13  Zergling x6  
  28  3:17  Zergling x2  
  30  3:21  Zergling x2  
  30  3:25  Zergling x2  
  31  3:30  Zergling x2  
  31  3:39  Zergling x4  
  33  3:44  Zergling x2  
  32  3:52  Baneling x3  
  32  3:53  Zergling x2  
  33  4:01  Baneling x2  
  33  4:02  Zergling x2  
  27  4:17  Zergling x2  
  26  4:25  Drone x2  
  26  4:28  Drone x2  
  26  4:29  Drone  
  30  4:32  Drone  
  30  4:33  Drone x2  
  33  4:42  Drone x2  
  35  4:49  Overlord  
  35  4:51  Lair  
  35  5:04  Extractor  
  35  5:05  Extractor  
  35  5:06  Zergling x4  
  35  5:08  Zergling x2  
  35  5:09  Zergling x4  
  35  5:11  Zergling x2  
  39  5:17  Baneling x2  
  39  5:18  Zergling x8  
  43  5:28  Zergling x2  
  43  5:31  Zergling x2  
  43  5:33  Zergling x2  
  44  5:37  Overlord  
  43  5:50  Drone  
  43  5:53  Overlord  
  43  5:54  Spire  
  44  5:57  Drone  
  44  5:58  Drone  
  45  6:04  Drone  
  45  6:07  Drone x2  
  45  6:08  Drone x2  
Show
View Real Time Build Order
Export as new Build Order

Shinø Zerg 

Build Orders: Pool First 

Get SALT Encoding   

  12  0:00  Drone  
  13  0:14  Extractor  
  12  0:23  Spawning Pool  
  12  0:27  Drone  
  12  0:33  Drone  
  13  0:37  Drone  
  14  0:49  Overlord  
  14  1:10  Zergling x4  
  16  1:14  Zergling x2  
  16  1:16  Metabolic Boost  
  17  1:21  Zergling x2  
  18  1:32  Zergling x2  
  19  1:33  Queen  
  21  1:43  Zergling x2  
  22  1:54  Overlord  
  22  2:14  Zergling x2  
  23  2:23  Zergling x2  
  23  2:26  Zergling x2  
  25  2:37  Zergling x2  
  25  2:40  Zergling x6  
  27  2:54  Zergling x2  
  28  3:01  Zergling x2  
  29  3:12  Hatchery  
  28  3:18  Zergling x4  
  30  3:32  Drone  
  29  3:36  Drone, Overlord  
  30  3:54  Queen  
  31  4:03  Drone  
  31  4:04  Drone  
  26  4:20  Drone x3  
  26  4:25  Queen  
  27  4:32  Zergling x4  
  28  4:40  Zergling x4  
  31  4:45  Zergling x2  
  31  4:51  Zergling x2  
  32  4:56  Hatchery  
  32  4:57  Drone x4  
  35  5:10  Zergling x4  
  35  5:13  Zergling x2  
  38  5:19  Drone  
  39  5:28  Drone x4  
  42  5:33  Extractor  
  38  5:38  Drone x3  
  38  5:39  Drone  
  41  5:44  Extractor  
  41  5:45  Extractor  
  41  5:47  Drone  
  36  5:50  Drone  
  36  5:55  Zergling x2  
  38  6:06  Zergling x4  
Tags
 
Add a new tag
Caveats
  • Supply blocks, unpowered buildings, or Contaminate may cause inaccurate times.
  • Supply counts are checked every 10 seconds.